AoeStats
← fatfatfattie

Arena

510025792Analyzed
4v4 RM · 3d ago on Sep 29, 2026· 21m 2s· 8 players
Game mode
Random Map
Map size
Large (8 player)
Population
200
Speed
Normal
Resources
Standard
Victory
Conquest
Starting age
Dark Age
Ending age
Imperial Age
RankedLock teamsTeams togetherTeam positionsShared explorationLock speedFull tech treeHidden civsTurbo modeCheats
Victory
Defeat
🇿🇦 Chinese · South Africa
960
+44
🇺🇸 Turks · United States
918
+17
🇮🇪 Khmer · Ireland
877
+19
🇺🇸 Britons · United States
872
+19
🇲🇽 Romans · Mexico
1063
-22
🇲🇽 Bohemians · Mexico
1002
-20
🇲🇽 Byzantines · Mexico
921
-17
🇦🇷 Goths · Argentina
770
-11
fatfatfattie
12:00 Feudal Age
13:28 Double-Bit Axe
16:48 Castle Age
14:45 Horse Collar
22:37 Imperial Age
xxyvonnederful
10:36 Feudal Age
15:39 Castle Age
14:28 Double-Bit Axe
14:44 Horse Collar
15:52 Stone Mining
18:12 Wheelbarrow
18:54 Fletching
Hermes Trismegistus
12:20 Feudal Age
12:56 Double-Bit Axe
12:53 Horse Collar
17:50 Castle Age
21:01 Heavy Plow
21:14 Bow Saw
Saint General.
0:47 Loom
11:19 Feudal Age
11:48 Double-Bit Axe
11:45 Horse Collar
12:44 Wheelbarrow
15:38 Gold Mining
15:40 Stone Mining
21:17 Castle Age
20:22 Padded Archer Armor
20:13 Fletching
dans_big
12:51 Feudal Age
13:45 Horse Collar
13:53 Double-Bit Axe
19:43 Castle Age
leon_skennedy96
0:30 Loom
13:46 Feudal Age
14:31 Man-at-Arms
19:34 Castle Age
17:38 Horse Collar
Mogador
9:40 Feudal Age
7:58 Loom
16:55 Castle Age
forrajeria.kevin
12:25 Feudal Age
15:04 Double-Bit Axe
15:59 Horse Collar
22:20 Castle Age
22:03 Wheelbarrow
Connection lost

Rejoining the realm…

Still unreachable

The connection could not be restored.

Session expired

The server has moved on; the page needs a fresh start.